Map: Pylon LE

Players

Zoun - Winner!

  • Race: Protoss Protoss
  • League: Master
  • Spawn Location: 11:00

STZsOs (sOs)

  • Race: Protoss Protoss
  • League: Master
  • Spawn Location: 5:00

Event: HomeStory Cup XXVII

VOD

Have the link to the VOD?

Description

Time

  • Played on: June 29, 2025, 2:20 p.m.
  • Length: 11:22

All games in this series

Show
View Real Time Build Order
Export as new Build Order

Zoun Protoss - Winner!

Build Orders: Phoenix Opening, Blink Stalkers, Zealot Archon 

Get SALT Encoding   

  12  0:00  Probe  
  13  0:12  Probe  
  14  0:17  Pylon  
  14  0:23  Probe  
  15  0:31  Probe  
  16  0:36  Gateway  
  16  0:39  Probe  
  16  0:45  Assimilator  
  17  0:51  Probe  
  17  0:54  Assimilator  
  18  0:59  Probe  
  19  1:07  Gateway, Probe  
  19  1:17  Probe  
  20  1:25  Cybernetics Core  
  21  1:29  Probe  
  22  1:35  Pylon  
  22  1:41  Probe  
  23  1:53  Probe  
  24  1:58  Stalker  
  24  2:00  Sentry  
  28  2:05  Warp Gate, Probe  
  29  2:10  Pylon  
  29  2:19  Pylon  
  29  2:27  Adept  
  29  2:28  Adept  
  33  2:32  Phoenix  
  33  2:48  Nexus  
  33  2:54  Shield Battery  
  33  2:57  Sentry  
  35  3:02  Sentry  
  35  3:03  Probe  
  38  3:12  Pylon  
  38  3:19  Twilight Council  
  38  3:22  Probe  
  39  3:30  Probe  
  40  3:36  Blink  
  40  3:38  Phoenix, Probe  
  39  3:48  Probe  
  38  3:57  Probe  
  38  4:00  Probe, Stalker x2  
  44  4:05  Probe  
  45  4:12  Probe  
  45  4:15  Probe  
  46  4:20  Gateway  
  47  4:24  Probe  
  47  4:27  Probe  
  49  4:32  Stalker  
  49  4:33  Stalker  
  49  4:37  Probe  
  54  4:39  Phoenix, Probe  
  54  4:42  Pylon  
  55  4:49  Probe  
  55  4:51  Probe  
  57  5:00  Nexus  
  57  5:02  Stalker  
  57  5:03  Probe  
  60  5:08  Stalker  
  60  5:11  Pylon  
  62  5:17  Robotics Facility  
  62  5:18  Probe  
  63  5:23  Stalker  
  63  5:27  Stalker  
  63  5:28  Probe  
  68  5:29  Charge  
  68  5:30  Assimilator  
  68  5:35  Stalker  
  70  5:37  Probe  
  70  5:40  Probe  
  72  5:49  Probe  
  73  5:50  Pylon  
  73  5:52  Probe  
  73  5:55  Forge  
  74  6:01  Probe  
  76  6:04  Protoss Ground Weapons Level 1, Probe  
  76  6:05  Stalker  
  76  6:08  Observer  
  76  6:10  Stalker  
  81  6:16  Probe x2  
  81  6:18  Stalker  
  85  6:20  Probe  
  78  6:28  Probe x2  
  78  6:32  Probe  
  77  6:33  Gateway  
  77  6:36  Gateway  
  77  6:37  Gateway, Shield Battery  
  77  6:42  Gateway  
  77  6:45  Gateway  
  77  6:51  Templar Archives  
  77  6:56  Probe x3, Photon Cannon  
  77  6:58  Photon Cannon  
  80  7:02  Photon Cannon  
  80  7:05  Pylon  
  80  7:09  Pylon  
  80  7:11  Zealot  
  80  7:13  Zealot  
  80  7:14  Pylon, Zealot  
  86  7:23  Gateway  
  86  7:24  Gateway  
  86  7:28  Observer  
  86  7:29  High Templar  
  88  7:31  High Templar  
  88  7:35  Archon  
  90  7:37  Zealot x5  
  90  7:40  Pylon  
  90  7:43  Zealot  
  102  7:44  Warp Prism  
  104  7:58  Zealot x5  
  114  8:06  Zealot  
  114  8:07  Zealot x2  
  120  8:17  High Templar  
  120  8:18  High Templar  
  123  8:20  Pylon, Zealot  
  123  8:21  Pylon  
  123  8:22  Archon, Protoss Ground Weapons Level 2  
  123  8:23  Observer  
  123  8:27  Zealot  
  123  8:31  Immortal  
  125  8:39  Zealot x6  
  141  8:44  Pylon  
  141  8:45  Pylon  
  141  8:53  Nexus  
  141  8:55  Pylon  
  141  9:02  Zealot  
  141  9:03  Zealot x3  
  141  9:05  Probe x3  
  152  9:15  High Templar x2, Zealot x3  
  161  9:19  Archon  
  161  9:20  Zealot  
  161  9:22  Pylon  
  161  9:24  Pylon  
  163  9:29  Photon Cannon  
  163  9:30  Photon Cannon  
  163  9:33  Zealot  
  165  9:48  High Templar  
  165  9:49  High Templar, Zealot  
  165  9:50  Zealot x5  
  181  9:54  Archon  
Show
View Real Time Build Order
Export as new Build Order

STZsOs Protoss 

Build Orders: Blink Stalkers 

Get SALT Encoding   

  12  0:00  Probe  
  13  0:12  Probe  
  14  0:16  Pylon  
  14  0:23  Probe  
  15  0:31  Probe  
  16  0:36  Gateway  
  16  0:39  Probe  
  16  0:46  Assimilator  
  17  0:51  Probe  
  17  0:55  Assimilator  
  18  0:59  Probe  
  19  1:07  Probe  
  19  1:08  Gateway  
  20  1:17  Probe  
  20  1:24  Cybernetics Core  
  21  1:29  Probe  
  22  1:36  Pylon  
  22  1:41  Probe  
  23  1:54  Probe  
  23  1:57  Stalker  
  23  2:00  Warp Gate  
  28  2:09  Sentry  
  28  2:12  Pylon  
  28  2:22  Pylon  
  28  2:30  Probe, Stalker  
  31  2:46  Nexus  
  31  2:47  Sentry  
  33  2:51  Probe  
  34  3:00  Shield Battery  
  34  3:01  Sentry  
  34  3:04  Probe  
  37  3:11  Pylon  
  37  3:15  Probe  
  38  3:23  Probe, Twilight Council  
  39  3:37  Probe, Shield Battery  
  38  3:50  Probe, Stalker  
  38  3:51  Blink  
  40  3:58  Probe  
  40  3:59  Probe  
  42  4:06  Probe  
  42  4:10  Probe  
  42  4:16  Robotics Facility  
  44  4:18  Probe x2  
  46  4:26  Phoenix, Probe  
  46  4:30  Probe  
  48  4:39  Probe  
  48  4:42  Probe  
  50  4:48  Stalker x2  
  50  4:51  Probe  
  55  4:54  Nexus  
  55  4:56  Probe  
  56  5:00  Pylon  
  56  5:02  Observer  
  57  5:10  Probe x2  
  57  5:13  Immortal  
  63  5:22  Forge  
  63  5:23  Probe x2  
  65  5:29  Stalker  
  65  5:30  Stalker  
  65  5:35  Shield Battery  
  69  5:51  Probe  
  69  5:53  Pylon  
  69  5:57  Probe  
  69  6:00  Stalker  
  69  6:01  Immortal  
  69  6:09  Stalker  
  69  6:11  Probe x2  
  73  6:20  Observer  
  73  6:21  Gateway  
  73  6:22  Gateway  
  73  6:23  Gateway  
  73  6:24  Probe  
  73  6:25  Protoss Ground Weapons Level 1, Charge  
  65  6:27  Gateway, Probe  
  65  6:28  Probe  
  65  6:29  Gateway  
  66  6:35  Probe  
  66  6:36  Gateway  
  66  6:39  Probe  
  68  6:40  Probe  
  68  6:42  Gateway  
  69  6:48  Warp Prism  
  70  6:56  Zealot  
  70  6:57  Zealot  
  74  7:04  Pylon  
  74  7:11  Pylon  
  74  7:15  Probe  
  75  7:17  Zealot x4, Assimilator, Sentry  
  85  7:25  Zealot x2  
  89  7:30  Zealot  
  89  7:31  Observer  
  92  7:40  Zealot x6  
  104  7:44  Pylon  
  104  7:45  Pylon  
  104  7:49  Pylon, Zealot x2  
  108  8:08  Zealot  
  107  8:13  Zealot x8  
  107  8:16  Pylon  
  107  8:17  Probe  
  107  8:18  Pylon  
  124  8:25  Warp Prism  
  124  8:36  Templar Archives  
  124  8:41  Zealot x3  
  124  8:42  Zealot x6  
  124  8:44  Assimilator  
  124  8:47  Pylon  
  142  8:57  Pylon  
  142  8:58  Pylon, Probe  
  143  9:15  High Templar x2  
  143  9:16  Zealot x7  
  161  9:20  Archon  
  161  9:24  Pylon x2  
  161  9:38  High Templar x2  
  161  9:39  Zealot x4  
  161  9:43  Archon  
  173  9:46  Zealot  
  173  9:51  Zealot x2  
  141  10:08  High Templar x2  
  141  10:09  Zealot x3  
  141  10:10  Zealot  
  141  10:11  Zealot  
  141  10:12  Archon  
  138  10:56  Probe  
  105  10:58  Zealot x4  
Tags
 
Add a new tag
Caveats
  • Supply blocks, unpowered buildings, or Contaminate may cause inaccurate times.
  • Supply counts are checked every 10 seconds.